 Dungeon Crawl Stone Soup version 0.20-a0-386-g2d247ea (webtiles) character file.

259 tfwnoxiaomeimiegf the Conjurer (level 6, -1/53 HPs)
             Began as an Ogre Conjurer on Dec 30, 2016.
             Slain by Grinder (2 damage)
             ... while paralysed by Grinder
             ... on level 3 of the Dungeon.
             The game lasted 00:19:35 (4012 turns).

tfwnoxiaomeimiegf the Conjurer (Ogre Conjurer)      Turns: 4012, Time: 00:19:36

Health: -1/53      AC:  3    Str: 13    XL:     6   Next: 17%
Magic:  2/9        EV:  1    Int: 23    God:
Gold:   183        SH:  0    Dex:  9    Spells: 6/9 levels left

rFire  . . .     SeeInvis .     l - +0 whip
rCold  . . .     Gourm    .     a - +0 robe
rNeg   . . .     Faith    .     (no shield)
rPois  .         Spirit   .     (helmet restricted)
rElec  .         Reflect  .     (no cloak)
rCorr  .         Harm     .     (gloves unavailable)
MR     .....                    (boots unavailable)
Stlth  +.........               (no amulet)
                                (no ring)
                                (no ring)

@: paralysed, brilliant
A: unfitting armour, tough skin 1
a: no special abilities


You were on level 3 of the Dungeon.
You were hungry.

You visited 1 branch of the dungeon, and saw 3 of its levels.

You collected 183 gold pieces.

Inventory:

Hand Weapons
 l - a +0 whip (weapon)
Armour
 a - a +0 robe (worn)
Jewellery
 o - a +3 ring of strength {unknown}
Wands
 j - a wand of random effects (28/48)
Scrolls
 e - 3 scrolls of remove curse {unknown}
 h - 2 scrolls of teleportation {unknown}
 k - 3 scrolls of identify {unknown}
 n - a scroll of random uselessness {unknown}
 q - a scroll of enchant armour {unknown}
Potions
 d - a potion of beneficial mutation {unknown}
 f - a potion of mutation {unknown}
 g - a potion of lignification {unknown}
 i - a potion of degeneration {unknown}
 m - a potion of brilliance
 p - a potion of curing {unknown}
 s - a potion of berserk rage {unknown}
Books
 b - a book of Conjurations

   Spells                             Type                      Level
   a - Magic Dart                     Conjuration                  1
   b - Searing Ray                    Conjuration                  2
   c - Dazzling Spray                 Conjuration/Hexes            3
   d - Fulminant Prism                Conjuration/Hexes            4
   e - Iskenderun's Mystic Blast      Conjuration                  4
   f - Iskenderun's Battlesphere      Conjuration/Charms           5
Comestibles
 c - 4 bread rations


   Skills:
 - Level 1.7 Dodging
 - Level 1.4 Stealth
 - Level 2.4 Spellcasting
 + Level 6.6 Conjurations


You had 6 spell levels left.
You knew the following spells:

 Your Spells              Type           Power        Failure   Level  Hunger
a - Magic Dart            Conj           ####         1%          1    None
b - Searing Ray           Conj           #####.       1%          2    ##.....


Dungeon Overview and Level Annotations

Branches:
Dungeon (3/15)

Altars:

Annotations:
D:3 Grinder


Innate Abilities, Weirdness & Mutations

You are too large for most types of armour.
You have tough skin. (AC +1)


Message History

Aim: Grinder (moderately wounded)
The searing ray hits Grinder.
Grinder is heavily wounded.
Grinder gestures at you.
You suddenly lose the ability to move!
Grinder hits you! Grinder hits you.
You writhe in agony.
* * * LOW HITPOINT WARNING * * *
Grinder hits you.
* * * LOW HITPOINT WARNING * * *
You writhe in agony.
* * * LOW HITPOINT WARNING * * *
Grinder hits you.
* * * LOW HITPOINT WARNING * * *
You writhe in agony.
* * * LOW HITPOINT WARNING * * *
Grinder hits you.
* * * LOW HITPOINT WARNING * * *
You writhe in agony.
You die...

#.###.#### #..# ##......>
#..##....##### ##.## #..#.....
##...###.....### #..####.⌠......
###..######...#####...##..#.....
##.§...####...#####..#....##.#
#####..g.g.#...####....####.#
######.###...#...### #.#
#.#####.#.#.# #.# ##
#g5@..#.#.#.#### #.# .#
#####.#........###.# .##
#.#.###.##†....# ..##########
##.#.#....###...# .....).....#
#....#.#......#.#
#..#######.######..###.##...###.#
##.###.............###.##.....#.#
#.##..###.#######...#.###.##...#
#.##.## #..# ###...#...###..#


You could see Grinder and a hobgoblin.

Vanquished Creatures
  An orc wizard (D:3)
  5 adders
  9 gnolls
  2 worms
  A dart slug (D:2)
  5 leopard geckos
  4 orcs (D:3)
  3 ball pythons
  10 bats
  4 giant cockroaches
  7 goblins
  8 hobgoblins
  7 jackals
  4 kobolds
  2 quokkas (D:2)
  10 frilled lizards
  7 rats
89 creatures vanquished.

Notes
Turn   | Place    | Note
-------+----------+-------------------------------------------
     0 | D:1      | tfwnoxiaomeimiegf the Ogre Conjurer began the quest for the Orb.
     0 | D:1      | Reached XP level 1. HP: 16/16 MP: 3/3
   145 | D:1      | Reached skill level 4 in Conjurations
   145 | D:1      | Reached XP level 2. HP: 10/24 MP: 0/5
   864 | D:1      | Reached XP level 3. HP: 31/31 MP: 4/6
   921 | D:1      | Learned a level 2 spell: Searing Ray
  1262 | D:2      | Reached skill level 5 in Conjurations
  1262 | D:2      | Reached XP level 4. HP: 18/39 MP: 0/7
  2246 | D:2      | Reached XP level 5. HP: 29/45 MP: 1/8
  2999 | D:3      | Reached skill level 6 in Conjurations
  3322 | D:3      | Reached XP level 6. HP: 53/53 MP: 0/9
  3477 | D:3      | Noticed Grinder
  3966 | D:3      | Paralysed by Grinder for 5 turns
  3974 | D:3      | Paralysed by Grinder for 4 turns
  3979 | D:3      | Paralysed by Grinder for 4 turns
  4007 | D:3      | Paralysed by Grinder for 6 turns
  4012 | D:3      | HP: 1/53 [Grinder (3)]
  4012 | D:3      | Slain by Grinder

Vault maps used:
D:1:      dpeg_arrival_signposts, minmay_octomino_j4
D:2:      first_bread
D:3:      hangedman_feature_mirror, uniq_grinder

Skill      XL: |  1  2  3  4  5 |
---------------+----------------+-----
Conjurations   | 4 5 6 |  6.6
Dodging        | |  1.7
Stealth        | |  1.4
Spellcasting   | |  2.4

Action                   |  1- 3 |  4- 6 || total
-------------------------+-------+-------++-------
Melee: Unarmed           |     9 |       ||     9
       Whip              |     9 |    24 ||    33
       Mace              |     1 |       ||     1
 Cast: Magic Dart        |    49 |   128 ||   177
       Searing Ray       |     5 |    26 ||    31
  Use: Potion            |       |     1 ||     1
  Eat: Chunk             |     2 |    10 ||    12
Armor: Robe              |    12 |    15 ||    27
Dodge: Dodged            |    28 |    23 ||    51
